 Dungeon Crawl Stone Soup version 0.19-a0-1740-g0bcaf2e (webtiles) character file.

63109 Amnesiac the Geomancer (level 14, 0/85 HPs)
             Began as a Mummy Earth Elementalist on Oct 1, 2016.
             Was an Initiate of Gozag.
             Killed by divine providence
             ... invoked by an orc priest
              (12 damage)
             ... on level 2 of the Orcish Mines.
             The game lasted 01:31:28 (32441 turns).

Amnesiac the Geomancer (Mummy Earth Elementalist)  Turns: 32441, Time: 01:31:29

Health: 0/85       AC: 12    Str: 12    XL:     14   Next: 66%
Magic:  25/25      EV: 20    Int: 15    God:    Gozag
Gold:   2275       SH:  9    Dex: 20    Spells: 9 memorised, 3 levels left

rFire  x . .     SeeInvis +     b - +8 whip "Snakebite" {curare, rPois}
rCold  + + +     Gourm    .     e - +2 robe {rC+}
rNeg   + + +     Faith    .     M - +3 buckler
rPois  ∞         Spirit   .     z - +2 helmet {SInv}
rElec  .         Dismiss  .     B - +0 cloak
rCorr  .         Reflect  .     m - +0 pair of gloves
MR     +....     Harm     .     j - +1 pair of boots
Stlth  ++++......               F - amulet of regeneration
                                q - ring of wizardry
                                K - ring "Guale" {rC+ Dex+4}

@: gold aura
A: no food or potions, fire vulnerability, cold resistance 1, negative energy
resistance 3, torment resistance, unbreathing, in touch with death 1
a: Potion Petition, Call Merchant, Bribe Branch, Renounce Religion


You were on level 2 of the Orcish Mines.
You worshipped Gozag.
Gozag was most pleased with you.
You were not hungry.

You visited 4 branches of the dungeon, and saw 20 of its levels.
You also visited: Ossuary.

You collected 6259 gold pieces.
You spent 608 gold pieces at shops.
You paid 3376 gold pieces to Gozag.

Inventory:

Hand Weapons
 b - the +8 whip "Snakebite" (weapon) {curare, rPois}
   (You found it on level 5 of the Lair of Beasts)

   It poisons the flesh of those it strikes.
   It protects you from poison.
 t - a +0 dagger of draining
 w - a +2 dagger of speed
Missiles
 u - 470 stones (quivered)
Armour
 e - a +2 robe of cold resistance (worn)
 j - a +1 pair of boots (worn)
 m - a +0 pair of gloves (worn)
 z - a +2 helmet of see invisible (worn)
 B - a +0 cloak (worn)
 M - a +3 buckler (worn)
Jewellery
 q - a ring of wizardry (right hand)
 F - an amulet of regeneration (around neck)
 I - an uncursed ring of flight
 K - the ring "Guale" (left hand) {rC+ Dex+4}
   (You found it on level 8 of the Dungeon)

   [ring of protection from cold]

   It affects your dexterity (+4).
   It protects you from cold.
Wands
 a - a wand of confusion (26/48)
 A - a wand of lightning (7/15)
 D - a wand of iceblast (15/15)
 H - a wand of confusion (22/48)
 L - a wand of disintegration (14/24)
Scrolls
 c - 2 scrolls of identify
 f - a scroll of teleportation
 g - 3 scrolls of immolation
 h - 3 scrolls of recharging
 i - 5 scrolls of magic mapping
 k - 2 scrolls of fog
 l - 3 scrolls of amnesia
 n - 5 scrolls of fear
 o - 4 scrolls of blinking
 p - 4 scrolls of enchant weapon
 r - 12 scrolls of remove curse
 s - a scroll of silence
 v - a scroll of vulnerability
 x - 2 scrolls of enchant armour


   Skills:
 - Level 8.0 Short Blades
 - Level 3.7 Armour
 - Level 9.2 Dodging
 - Level 8.0 Stealth
 - Level 4.1 Shields
 - Level 7.5 Spellcasting
 - Level 6.0 Transmutations
 + Level 13.6 Earth Magic


You had 3 spell levels left.
You knew the following spells:

 Your Spells              Type           Power        Failure   Level  Hunger
a - Repel Missiles        Chrm/Air       #.....       9%          2    N/A
b - Blink                 Tloc           N/A          9%          2    N/A
c - Lee's Rapid Deconstr  Erth           #####.....   1%          5    N/A
d - Dazzling Spray        Conj/Hex       #.....       19%         3    N/A
e - Petrify               Tmut/Erth      #####...     1%          4    N/A
f - Sandblast             Erth           #####.       1%          1    N/A
g - Mephitic Cloud        Conj/Pois/Air  #.......     19%         3    N/A
s - Conjure Flame         Conj/Fire      #.......     19%         3    N/A
v - Passwall              Tmut/Erth      #####.....   1%          2    N/A

Dungeon Overview and Level Annotations

Branches:
Dungeon (11/15)            Temple (1/1) D:6            Lair (6/6) D:10
  Swamp (0/4) Lair:2        Snake (0/4) Lair:3        Slime (0/5) Lair:5
    Orc (2/2) D:11            Elf (0/3) Orc:2

Altars:
Ashenzari
Cheibriados
Dithmenos
Elyvilon
Fedhas
Gozag
Hepliaklqana
Kikubaaqudgha
Makhleb
Nemelex Xobeh
Okawaru
Qazlal
Ru
Sif Muna
Trog
Uskayaw
Vehumet
Xom
Yredelemnul
Zin
The Shining One
Beogh

Shops:
D:8 (   D:10 %[*[?(   Orc:2 =?

Annotations:
D:8 1 runed door
D:9 ThereIsNoGod's ghost, novice MiGl


Innate Abilities, Weirdness & Mutations

You do not eat or drink.
Your flesh is vulnerable to fire.
You are immune to poison.
Your flesh is cold resistant. (rC+)
You are immune to negative energy. (rN+++)
You are immune to unholy pain and torment.
You can survive without breathing.
You are in touch with the powers of death.


Message History

Unknown command.
You are too injured to fight recklessly!
You are too injured to fight recklessly!
You are too injured to fight recklessly!
Unknown command.
You whack the orc warrior!
The orc warrior looks as sick as possible!
The orc warrior is severely wounded.
The orc warrior is distracted by the nearby gold.
The orc priest misses you.
The orc warrior shouts!
Unknown command.
You hit the orc warrior.
You kill the orc warrior!
The orc priest closely misses you.
Unknown command.
The orc priest calls down the wrath of Beogh upon you.
Beogh smites you!
You die...
Your body crumbles into a pile of gold.

#.....### #.......## #####
#[.....####.....###
##...####..)..)..##8.8##..
##.....####.....)..#...#...
##o......####.....)().......
#ooo.......###...)..).......
#ooo.∩.......###^....8.8)...
#.4.......o$$$.###.....))..#
##.......##@$$...##.......##
##.....####................
##...## ###.......8.8...)
#### #####......().#
###########'#####
#....#:..##.##!..
##'##.#...##.##... #≈#≈##
#...#.##'###)###)#
≈≈≈≈.###...#....#..).....


You could see an orc priest.

Vanquished Creatures
  An orc warlord (Orc:2)
  7 hydras
  Harold (Lair:1)
  A merfolk avatar (Lair:6)
  4 orc high priests (Orc:2)
  2 fire crabs (Lair:6)
  A sea snake (Lair:6)
  3 hill giants (D:11)
  A harpy (Lair:6)
  2 orc knights (Orc:2)
  6 orc sorcerers
  A manticore (Lair:6)
  A cyclops (D:11)
  8 black mambas
  14 elephants
  Maurice (D:10)
  Joseph (D:9)
  14 spiny frogs
  7 rime drakes (Lair:6)
  11 komodo dragons
  5 trolls
  A wind drake (Lair:6)
  2 polar bears (Lair:6)
  2 two-headed ogres
  Prince Ribbit (D:7)
  11 blink frogs (Lair:1)
  2 dream sheep (D:8)
  14 hippogriffs
  3 wyverns
  29 yaks
  A hill giant zombie (D:11)
  5 basilisks
  3 hungry ghosts
  4 wargs
  3 nagas (Lair:3)
  Edmund (D:5)
  A soldier ant (D:11)
  Duvessa (D:7)
  16 water moccasins
  8 porcupines
  26 orc warriors
  An ice beast (D:5)
  A necrophage (D:8)
  4 sky beasts
  2 black bears
  6 ogres
  An eye of draining (D:8)
  4 phantoms
  5 wasps
  6 wolves
  8 centaurs
  17 crocodiles
  16 bullfrogs
  4 big kobolds
  Dowan (D:7)
  2 wyvern skeletons (D:10)
  8 killer bees
  4 scorpions
  A troll zombie (D:11)
  A howler monkey (D:8)
  9 wights
  2 electric eels (D:10)
  3 jellies
  4 crimson imps
  2 bullfrog zombies
  5 hounds
  3 centaur zombies
  25 orc priests
  Crazy Yiuf (D:3)
  A human zombie (D:8)
  Jessica (D:3)
  7 iguanas
  Natasha (thrice) (D:3)
  17 orc wizards
  A human skeleton (D:8)
  15 worker ants
  A killer bee zombie (D:8)
  A big kobold zombie (Ossuary)
  6 ogre zombies (D:11)
  A hound zombie (D:10)
  3 hound skeletons
  3 mummies (Ossuary)
  2 worker ant zombies
  Robin (D:3)
  3 gnolls
  14 adders
  54 river rats
  3 scorpion zombies (Ossuary)
  2 shadow imps
  An ooze (D:6)
  2 adder skeletons
  6 worms
  5 leopard geckos
  90 orcs
  3 ball pythons
  6 bats
  7 giant cockroaches
  14 goblins
  7 hobgoblins
  14 jackals
  3 quokkas
  6 frilled lizards
  A gnoll zombie (Ossuary)
  2 goblin skeletons (D:11)
  5 goblin zombies
  3 hobgoblin zombies
  A jackal skeleton (D:4)
  11 kobolds
  3 orc skeletons (D:11)
  17 orc zombies
  9 rats
  A spectral orc (D:8)
728 creatures vanquished.

Vanquished Creatures (others)
  9 scorpions (Ossuary)
  A gnoll zombie (Ossuary)
  A goblin zombie (Ossuary)
  A kobold zombie (Ossuary)
  4 bushes (Lair:6)
  16 fungi
  29 plants (Lair:6)
61 creatures vanquished.

Grand Total: 789 creatures vanquished

Notes
Turn   | Place    | Note
-------+----------+-------------------------------------------
     0 | D:1      | Amnesiac the Mummy Earth Elementalist began the quest for the Orb.
     0 | D:1      | Reached XP level 1. HP: 13/13 MP: 3/3
   305 | D:2      | Reached XP level 2. HP: 19/19 MP: 1/5
   363 | D:2      | Reached skill level 3 in Earth Magic
   384 | D:2      | Learned a level 2 spell: Passwall
   719 | D:3      | Found a deep blue altar of Sif Muna.
   780 | D:3      | Reached XP level 3. HP: 24/24 MP: 2/7
   937 | D:4      | Reached XP level 4. HP: 14/30 MP: 0/9
  1098 | D:4      | Learned a level 4 spell: Petrify
  1319 | D:4      | Reached XP level 5. HP: 35/35 MP: 4/10
  1437 | D:4      | Found a hazy altar of Hepliaklqana.
  1441 | D:4      | Found a bloodstained altar of Trog.
  1441 | D:4      | Found a blossoming altar of Fedhas.
  1441 | D:4      | Found a glowing golden altar of the Shining One.
  1443 | D:4      | Found a white marble altar of Elyvilon.
  1694 | D:4      | Reached skill level 4 in Earth Magic
  2207 | D:4      | Reached XP level 6. HP: 41/41 MP: 10/12
  2508 | D:5      | Entered Level 5 of the Dungeon
  2623 | D:5      | Found a stormy altar of Qazlal.
  2624 | D:5      | Noticed a water elemental
  2625 | D:5      | Noticed a fire elemental
  2625 | D:5      | Noticed an air elemental
  2807 | D:5      | Found a sand-covered staircase.
  2830 | Ossuary  | Entered an ossuary
  3464 | Ossuary  | Reached skill level 1 in Short Blades
  3748 | Ossuary  | Reached skill level 5 in Earth Magic
  3909 | Ossuary  | Reached skill level 1 in Transmutations
  3909 | Ossuary  | Reached XP level 7. HP: 46/46 MP: 8/13
  4620 | D:5      | Noticed Edmund
  4795 | D:5      | Found a snail-covered altar of Cheibriados.
  4946 | D:5      | Found a radiant altar of Vehumet.
  5389 | D:6      | Found a sparkling altar of Nemelex Xobeh.
  5788 | D:6      | Found a staircase to the Ecumenical Temple.
  5801 | Temple   | Entered the Ecumenical Temple
  6180 | D:6      | Reached XP level 8. HP: 52/52 MP: 10/14
  6903 | D:3      | Noticed Robin
  7168 | D:3      | Noticed Natasha
  7173 | D:3      | Killed Natasha
  7887 | D:3      | Noticed Jessica
  7895 | D:3      | Killed Jessica
  8137 | D:3      | Found a runed door.
  8405 | D:3      | Noticed Natasha
  8413 | D:3      | Killed Natasha
  8903 | D:7      | Noticed Prince Ribbit
  9074 | D:7      | Killed Prince Ribbit
  9074 | D:7      | Reached skill level 5 in Transmutations
  9160 | D:7      | Noticed Dowan
  9166 | D:7      | Noticed Duvessa
  9427 | D:7      | Killed Duvessa
  9432 | D:7      | HP: 1/52 [Dowan/shard of ice (10)]
  9441 | D:7      | Killed Dowan
  9446 | D:7      | HP: 1/52 [jackal (3)]
  9822 | D:7      | Found an opulent altar of Gozag.
  9828 | D:7      | Became a worshipper of Gozag Ym Sagoz the Greedy
  9995 | D:3      | Killed Robin
 10636 | D:3      | Noticed Natasha
 10642 | D:3      | Killed Natasha
 10642 | D:3      | Reached XP level 9. HP: 57/57 MP: 10/15
 10727 | D:3      | Noticed Crazy Yiuf
 10735 | D:3      | Killed Crazy Yiuf
 10861 | D:5      | Killed Edmund
 11133 | D:7      | Reached skill level 6 in Earth Magic
 11147 | D:7      | Reached skill level 5 in Spellcasting
 11174 | D:7      | Learned a level 5 spell: Lee's Rapid Deconstruction
 11703 | D:8      | Found a basalt altar of Yredelemnul.
 12579 | D:8      | Got a shimmering jade ring
 12580 | D:8      | Identified the ring "Guale" {rC+ Dex+4} (You found it on level 8 of the Dungeon)
 12611 | D:8      | Reached skill level 5 in Stealth
 12674 | D:8      | Reached skill level 5 in Short Blades
 12831 | D:8      | Found a runed door.
 12903 | D:8      | Reached XP level 10. HP: 58/63 MP: 4/19
 13102 | D:8      | Found Zeawacleumm's Antique Weapon Emporium.
 13118 | D:8      | Found a basalt altar of Yredelemnul.
 13157 | D:8      | Noticed a three-headed hydra
 13514 | D:8      | Found a blossoming altar of Fedhas.
 13573 | D:8      | Killed a one-headed hydra
 13835 | D:8      | Reached skill level 7 in Earth Magic
 14251 | D:9      | Noticed Joseph
 14744 | D:9      | Learned a level 3 spell: Conjure Flame
 14747 | D:9      | Noticed ThereIsNoGod's ghost (novice MiGl)
 14748 | D:9      | Learned a level 3 spell: Dazzling Spray
 14801 | D:9      | Killed Joseph
 14801 | D:9      | Reached skill level 8 in Earth Magic
 15005 | D:9      | Found a hide-covered altar of Uskayaw.
 15932 | D:10     | Entered Level 10 of the Dungeon
 16218 | D:9      | Reached XP level 11. HP: 67/68 MP: 2/22
 16399 | D:10     | Reached skill level 9 in Earth Magic
 16555 | D:10     | Found Loeciojo's Weapon Boutique.
 16715 | D:10     | Found a staircase to the Lair.
 16856 | D:10     | Noticed Maurice
 17220 | D:10     | Killed Maurice
 17256 | D:10     | Found Tuyho's Food Shop.
 17665 | Lair:1   | Entered Level 1 of the Lair of Beasts
 17820 | Lair:1   | Reached skill level 10 in Earth Magic
 18204 | Lair:1   | Reached skill level 5 in Dodging
 18327 | Lair:1   | Noticed Harold
 18340 | Lair:1   | Killed Harold
 19029 | Lair:2   | Noticed a five-headed hydra
 19046 | Lair:2   | Killed a five-headed hydra
 19289 | Lair:2   | Reached XP level 12. HP: 64/74 MP: 19/23
 19480 | Lair:2   | Found a staircase to the Swamp.
 20402 | Lair:3   | Noticed a five-headed hydra
 20418 | Lair:3   | Killed a five-headed hydra
 20475 | Lair:3   | Found a staircase to the Snake Pit.
 20751 | Lair:3   | Reached skill level 1 in Shields
 21780 | Lair:4   | You fall through a shaft!
 21780 | Lair:5   | Found a staircase to the Slime Pits.
 21983 | Lair:5   | Noticed a seven-headed hydra
 22411 | Lair:5   | Noticed a five-headed hydra
 22419 | Lair:5   | Reached skill level 1 in Armour
 22437 | Lair:6   | Entered Level 6 of the Lair of Beasts
 22647 | Lair:5   | Learned a level 2 spell: Repel Missiles
 22651 | Lair:5   | Learned a level 2 spell: Blink
 22655 | Lair:5   | Learned a level 3 spell: Mephitic Cloud
 23046 | Lair:5   | Gained mutation: You are in touch with the powers of death. [Mummy growth]
 23046 | Lair:5   | Reached XP level 13. HP: 64/79 MP: 6/24
 25936 | Lair:6   | Reached skill level 11 in Earth Magic
 26921 | Lair:6   | Reached XP level 14. HP: 85/85 MP: 9/25
 27525 | D:10     | Bought a runed helmet for 171 gold pieces
 27536 | D:10     | Bought a scorched leather armour for 266 gold pieces
 27547 | D:10     | Identified the +0 leather armour of Impatience {*Contam rPois Str+8 Slay-5} (You bought it in a shop on level 10 of the Dungeon)
 27581 | D:10     | Bought a glowing robe for 23 gold pieces
 27581 | D:10     | Bought a glowing helmet for 148 gold pieces
 28709 | D:11     | Reached skill level 12 in Earth Magic
 29100 | D:11     | Found a staircase to the Orcish Mines.
 29533 | Orc:1    | Entered Level 1 of the Orcish Mines
 30275 | Orc:2    | Entered Level 2 of the Orcish Mines
 31129 | Orc:2    | Found Jeluisopna's Jewellery Boutique.
 31349 | Orc:2    | Found a staircase to the Elven Halls.
 31512 | Orc:2    | Reached skill level 13 in Earth Magic
 31841 | Orc:2    | Noticed an orc warlord
 31955 | Orc:2    | Found Zang's Magic Scroll Shoppe.
 32087 | Orc:2    | Killed an orc warlord
 32151 | Orc:2    | Found a roughly hewn altar of Beogh.
 32441 | Orc:2    | Killed from afar by an orc priest

Vault maps used:
D:1:      dpeg_arrival_windows_large_door, minmay_misc_feat_pillars
D:2:      serial_glass, glass_columns_a, glass_columns_a, glass_columns_b,
          glass_columns_b, st_stairs_5
D:3:      mumra_celtic_spiral_tile, old_standard_altar, first_bread,
          uniq_jessica, uniq_crazy_yiuf_cottage, uniq_natasha, uniq_robin
D:4:      minitemple, serial_column_ruins, column_ruins_grid_1,
          column_ruins_corridor_straight, column_ruins_open_tiny,
          column_ruins_grid_2, column_ruins_open_small, column_ruins_open_medium
D:5:      nicolae_qazlal_style_of_elements, marbit_many_paths,
          nicolae_ossuary_entry_ruins, kennysheep_flooded_box,
          grunt_decor_one_mirror, nrook_uturn, uniq_edmund
D:6:      nemelex_xobeh_ov_fountains_minmay, kennysheep_pointless_box
D:7:      old_standard_altar, uniq_prince_ribbit1, uniq_duvessa
D:8:      lemuel_upstairs_altar, yredelemnul_forgotten_temple_becter,
          serial_shops, nicolae_shop_stone, hangedman_ranch,
          dk_yredelemnul_ordeal
D:9:      eat_drink_and_be_merry_uskayaw, uniq_joseph
D:10:     david_lair_generic, serial_shops, nicolae_shop_window_shopping, shop,
          minmay_crystal_water, uniq_maurice
D:11:     zombieorc2_lemuel, minmay_misc_feat_doors
Temple:   dpeg_three_leaves_temple
Lair:1:   uniq_harold
Lair:2:   swamp_mist_pool
Lair:3:   guppyfry_snake_entry_garden
Lair:5:   minmay_guarded_unrand_snakebite, dpeg_slime_entry_corner
Lair:6:   gammafunk_lair_ancient_temple
Orc:2:    pubby_orc_utopia
Ossuary:  ossuary_minmay_scorpions

Skill      XL: |  1  2  3  4  5  6  7  8  9 10 11 12 13 14 |
---------------+-------------------------------------------+-----
Earth Magic    | 3 4 5 6 8 10 11 13 | 13.6
Spellcasting   | 3 4 6 7 |  7.5
Short Blades   | 1 2 3 5 6 8 |  8.0
Transmutations | 1 3 6 |  6.0
Stealth        | 3 5 6 8 |  8.0
Dodging        | 2 7 9 |  9.2
Shields        | 4 |  4.1
Armour         | 3 |  3.7

Action                   |  1- 3 |  4- 6 |  7- 9 | 10-12 | 13-15 || total
-------------------------+-------+-------+-------+-------+-------++-------
Melee: Dagger            |       |    64 |   464 |   633 |  1316 ||  2477
       Quarterstaff      |       |       |     9 |    12 |       ||    21
       Hand axe          |       |       |       |     7 |       ||     7
       Whip              |       |       |       |       |   422 ||   422
 Cast: Sandblast         |    42 |    84 |    27 |    76 |       ||   229
       Petrify           |       |    15 |    91 |   203 |   244 ||   553
       Passwall          |       |       |     6 |    19 |     2 ||    27
       Lee's Rapid Decon |       |       |       |    14 |     1 ||    15
       Repel Missiles    |       |       |       |     1 |     1 ||     2
       Mephitic Cloud    |       |       |       |       |     1 ||     1
Invok: Call Merchant     |       |       |       |       |     4 ||     4
  Use: Scroll            |       |       |    20 |     4 |     8 ||    32
 Stab: Petrified         |       |    54 |    98 |   158 |   148 ||   458
       Sleeping          |       |     1 |    15 |    17 |    11 ||    44
       Petrifying        |       |       |     5 |    37 |    59 ||   101
       Distracted        |       |       |     1 |     1 |     9 ||    11
Armor: Robe              |     4 |     7 |    78 |   117 |   210 ||   416
Dodge: Dodged            |    25 |    39 |   245 |   455 |   970 ||  1734
       Deflected         |       |       |       |       |     2 ||     2
Block: Other             |       |       |       |     9 |       ||     9
       Buckler           |       |       |       |    95 |   609 ||   704
